 Dungeon Crawl Stone Soup version 0.19-a0-1065-gdac414d (webtiles) character file.

85 Musica the Ducker (level 4, 0/34 HPs)
             Began as a Merfolk Gladiator on Aug 4, 2016.
             Killed from afar by a dart slug (2 damage)
             ... with a slug dart
             ... on level 4 of the Dungeon.
             The game lasted 00:04:33 (1306 turns).

Musica the Ducker (Merfolk Gladiator)               Turns: 1306, Time: 00:04:34

Health: 0/34       AC:  6    Str: 15    XL:     4   Next: 48%
Magic:  4/4        EV: 21    Int:  7    God:
Gold:   61         SH:  0    Dex: 20    Spells: 0 memorised, 3 levels left

rFire  . . .     SeeInvis .     q - +2 bardiche (flame)
rCold  . . .     Gourm    .     b - +0 leather armour
rNeg   . . .     Faith    .     (shield currently unavailable)
rPois  .         Spirit   .     c - +0 helmet
rElec  .         Dismiss  .     o - +1 cloak
rCorr  .         Reflect  .     (no gloves)
SustAt .         Harm     .     (no boots)
MR     .....                    (no amulet)
Stlth  +++.......               (no ring)
                                (no ring)

@: agile
A: change form in water, swift swim
a: no special abilities


You were on level 4 of the Dungeon.
You were not hungry.

You visited 1 branch of the dungeon, and saw 4 of its levels.

You collected 61 gold pieces.

Inventory:

Hand Weapons
 a - a +0 trident
 q - a +2 bardiche of flaming (weapon)
Missiles
 d - 3 throwing nets (quivered)
Armour
 b - a +0 leather armour (worn)
 c - a +0 helmet (worn)
 o - a +1 cloak (worn)
Jewellery
 k - an uncursed amulet of magic regeneration
 n - an uncursed amulet of regeneration {unknown}
Scrolls
 h - a scroll of enchant armour
 j - a scroll of enchant weapon {unknown}
 l - a scroll of magic mapping {unknown}
Potions
 m - a potion of agility
Comestibles
 f - a bread ration
 g - a meat ration
 p - 5 chunks of flesh


   Skills:
 + Level 2.5 Fighting
 + Level 5.5 Polearms
 - Level 2.0 Throwing
 + Level 5.7 Dodging


You had 3 spell levels left.
You didn't know any spells.

Dungeon Overview and Level Annotations

Branches:
Dungeon (4/15)
 Temple: D:4-7

Altars:
Cheibriados
Fedhas
Kikubaaqudgha

Annotations:
D:4 Grinder


Message History

You closely miss Grinder. Grinder barely misses you. x2
You closely miss Grinder. Grinder gestures at you.
Pain shoots through your body!
* * * LOW HITPOINT WARNING * * *
The dart slug bites you but does no damage.
Grinder gestures at you.
You shrug off the repeated paralysis!
You can't go up here!
Grinder hits you.
* * * LOW HITPOINT WARNING * * *
You writhe in agony.
* * * LOW HITPOINT WARNING * * *
You climb downwards.
There is a stone staircase leading up, spattered with blood here.
It was a potion of agility.
You feel agile all of a sudden. The dart slug launches a dart at you.
The slug dart hits you!
You die...

#.#######
#......@#+####
##.....5w....###
................
##...........#.#
#..............
#...........#.#
#..............
#...........#.#
#..............


You could see Grinder and a dart slug.

Vanquished Creatures
  An iguana (D:4)
  An ooze (D:1)
  3 worms (D:2)
  2 dart slugs
  4 giant geckos
  2 giant cockroaches (D:2)
  3 goblins
  4 hobgoblins
  6 jackals
  3 bats
  A giant newt (D:1)
  4 kobolds (D:1)
  4 rats
38 creatures vanquished.

Notes
Turn   | Place    | Note
-------+----------+-------------------------------------------
     0 | D:1      | Musica the Merfolk Gladiator began the quest for the Orb.
     0 | D:1      | Reached XP level 1. HP: 16/16 MP: 1/1
   288 | D:1      | Reached XP level 2. HP: 22/22 MP: 2/2
   329 | D:1      | Found a snail-covered altar of Cheibriados.
   664 | D:1      | Reached skill level 5 in Polearms
   805 | D:2      | Reached XP level 3. HP: 27/28 MP: 3/3
   820 | D:3      | Noticed Grinder
   891 | D:2      | Reached skill level 5 in Dodging
  1089 | D:2      | Found an ancient bone altar of Kikubaaqudgha.
  1091 | D:2      | Found a blossoming altar of Fedhas.
  1261 | D:4      | Reached XP level 4. HP: 28/34 MP: 4/4
  1295 | D:3      | Paralysed by Grinder for 6 turns
  1306 | D:4      | Killed from afar by a dart slug

Vault maps used:
D:1:      eino_arrival_cavern_a, cheibriados_altar_1
D:2:      grunt_temple_overflow_growth_and_decay
D:3:      nicolae_gozag_zags_fifth_avenue, grunt_decor_arrowhead,
          minmay_misc_feat_pillars, uniq_grinder
D:4:      serial_glass, glass_columns_c, glass_columns_a,
          uniq_crazy_yiuf_cottage

Skill      XL: |  1  2  3 |
---------------+----------+-----
Polearms       | 5 |  5.5
Dodging        | 5 |  5.7
Fighting       | |  2.5
Throwing       | |  2.0

Action                   |  1- 3 |  4- 6 || total
-------------------------+-------+-------++-------
Melee: Trident           |   123 |    11 ||   134
       Bardiche          |       |     4 ||     4
  Use: Scroll            |       |     3 ||     3
       Potion            |       |     1 ||     1
 Stab: Sleeping          |     1 |       ||     1
  Eat: Chunk             |     1 |       ||     1
Armor: Leather armour    |    23 |     6 ||    29
Dodge: Dodged            |    85 |    23 ||   108
